 Dungeon Crawl Stone Soup version 0.20.1-1-g8b1a95d (webtiles) character file.

22 slep the Skirmisher (level 2, -3/24 HPs)
             Began as a Demonspawn Abyssal Knight on Oct 26, 2017.
             Was a Follower of Lugonu.
             Slain by a worm (5 damage)
             ... on level 2 of the Dungeon.
             The game lasted 00:04:14 (666 turns).

slep the Skirmisher (Demonspawn Abyssal Knight)      Turns: 666, Time: 00:04:15

Health: -3/24      AC:  4    Str: 12    XL:     2   Next: 68%
Magic:  3/3        EV: 11    Int: 13    God:    Lugonu [*.....]
Gold:   48         SH:  3    Dex: 12    Spells: 1/1 levels left

rFire    . . .     SeeInvis .   a - +1 falchion
rCold    . . .     Gourm    .   (no shield)
rNeg     . . .     Faith    .   b - +0 leather armour
rPois    +         Spirit   .   m - +0 helmet (curse)
rElec    .         Reflect  +   (no cloak)
rCorr    .         Harm     .   (no gloves)
MR       .....                  (no boots)
Stlth    ++........             f - +3 amulet of reflection
Regen    0.1/turn               n - ring of poison resistance
MPRegen  0.1/turn               (no ring)

@: no status effects
A: nightstalker 1
a: Depart the Abyss, Renounce Religion


You were on level 2 of the Dungeon.
You worshipped Lugonu.
Lugonu was aware of your devotion.
You were not hungry.

You visited 1 branch of the dungeon, and saw 2 of its levels.
You visited the Abyss 1 time.

You collected 48 gold pieces.

Inventory:

Hand Weapons
 a - a +1 falchion (weapon)
Armour
 b - a +0 leather armour (worn)
 m - a cursed +0 helmet (worn)
Jewellery
 f - a +3 amulet of reflection (around neck)
 n - a ring of poison resistance (left hand)
Scrolls
 e - a scroll of identify {unknown}
 g - a scroll of recharging {unknown}
 h - a scroll of remove curse {unknown}
 j - 3 scrolls of random uselessness {unknown}
 k - a scroll of magic mapping {unknown}
Potions
 d - a potion of brilliance {unknown}
 i - a potion of experience {unknown}
 l - a potion of curing {unknown}
Comestibles
 c - a bread ration
 o - 2 chunks of flesh


   Skills:
 + Level 3.4 Fighting
 + Level 2.0 Long Blades
 + Level 2.1 Armour
 + Level 0.8 Dodging
 + Level 0.2 Stealth
 + Level 2.6 Invocations


You had one spell level left.
You didn't know any spells.

Dungeon Overview and Level Annotations

Branches:
Dungeon (2/15)

Altars:


Innate Abilities, Weirdness & Mutations

You are slightly more attuned to the shadows.


Message History

The worm is heavily wounded.
You barely miss the worm.
The worm is heavily wounded.
The worm bites you.
You barely miss the worm.
The worm is heavily wounded.
The worm bites you!
* * * LOW HITPOINT WARNING * * *
You hit the worm.
The worm is severely wounded.
You block the worm's attack.
You hit the worm.
The worm is severely wounded.
You hit the worm.
The worm is almost dead.
The worm bites you but does no damage.
You barely miss the worm.
The worm is severely wounded.
The worm bites you.
You die...

#...........#
#.......#....#########
.......>...............
..#....................
(......................
.......................
......?...รท........<...
.....w@................
.......................
.....##.######.........
........######........[
......####...).........
.(.... #........#####
... #........#
#..........#
##.........#


You could see a worm.

Vanquished Creatures
  2 dart slugs (D:1)
  A leopard gecko (D:1)
  A ball python (D:2)
  2 giant cockroaches
  2 goblins (D:1)
  2 hobgoblins (D:1)
  A bat (D:1)
  2 kobolds (D:1)
  4 rats
17 creatures vanquished.

Notes
Turn   | Place    | Note
-------+----------+-------------------------------------------
     0 | Abyss:1  | slep the Demonspawn Abyssal Knight began the quest for the Orb.
     0 | Abyss:1  | Reached XP level 1. HP: 18/18 MP: 2/2
    21 | Abyss:1  | Noticed a soul eater
    23 | D:1      | Escaped the Abyss
   168 | D:1      | Gained mutation: You are slightly more attuned to the shadows. [demonic ancestry]
   168 | D:1      | Reached XP level 2. HP: 8/24 MP: 3/3
   338 | D:1      | Reached * piety under Lugonu
   666 | D:2      | Slain by a worm

Skill      XL: |  1  2 |
---------------+-------+-----
Long Blades    | 2 |  2.0
Armour         | 2 |  2.1
Fighting       | |  3.4
Dodging        | |  0.8
Stealth        | |  0.2
Invocations    | |  2.6

Action                   || total
-------------------------++-------
Melee: Falchion          ||    52
Invok: Depart the Abyss  ||     1
 Stab: Sleeping          ||     4
Armor: Leather armour    ||    13
Dodge: Dodged            ||    16
Block: Other             ||     1
       Rpst.: Falchion   ||     5
